 Dungeon Crawl Stone Soup version 0.17-a0-764-gd40c196 (webtiles) character file.

5266 karvarausku the Martial Artist (level 10, -12/78 HPs)
             Began as a White Draconian Monk on Apr 23, 2015.
             Was the Champion of Cheibriados.
             Mangled by Erolcha
             ... wielding a +0 giant spiked club
              (22 damage)
             ... on level 9 of the Dungeon.
             The game lasted 00:34:36 (9122 turns).

karvarausku the Martial Artist (DrMo)               Turns: 9122, Time: 00:34:36

Health: -12/78     AC: 10    Str: 30      XL:     10   Next: 36%
Magic:  10/10      EV: 15    Int: 25      God:    Cheibriados [******]
Gold:   620        SH:  0    Dex: 30 (31) Spells: 0 memorised, 9 levels left

rFire  . . .     SeeInvis .       - Unarmed
rCold  + . .     Clarity  .     (armour unavailable)
rNeg   + . .     SustAb   .     (no shield)
rPois  .         Gourm    .     (helmet restricted)
rElec  .         Spirit   .     m - +0 cloak (curse)
rCorr  .         Warding  .     T - +0 pair of gloves
rMut   .         Stasis   .     O - +0 pair of boots {Fly}
MR     .....                    (no amulet)
Stlth  +++.......               D - ring of invisibility (curse)
                                b - ring of positive energy (curse)

@: flying, very slow, not resistant to hostile enchantments, fairly stealthy
A: breathe frost, unfitting armour, hooves 1, cold resistance 1, cold-blooded,
AC +7
a: Breathe Frost, Bend Time, Temporal Distortion, Slouch, Step From Time,
Renounce Religion, Evoke Invisibility, Stop Flying


You were on level 9 of the Dungeon.
You worshipped Cheibriados.
Cheibriados was exalted by your worship.
You were not hungry.

You visited 2 branches of the dungeon, and saw 10 of its levels.
You also visited: Sewer and Ossuary.

You collected 815 gold pieces.

Inventory:

Missiles
 j - 62 poisoned needles
 l - 6 curare-tipped needles
 M - 8 javelins (quivered)
Armour
 m - a cursed +0 cloak (worn)
 O - a +0 pair of boots of flying (worn)
 T - a +0 pair of gloves (worn)
Jewellery
 b - a cursed ring of positive energy (left hand)
 i - an uncursed amulet of clarity {unknown}
 q - a cursed ring of magical power
 r - a cursed ring of sustain abilities
 D - a cursed ring of invisibility (right hand)
 K - an uncursed ring of see invisible {unknown}
Magical devices
 k - a wand of digging (20)
 y - a wand of random effects (12)
 R - a wand of draining (4)
Scrolls
 c - 2 scrolls of recharging
 d - 8 scrolls of teleportation
 n - 6 scrolls of remove curse
 s - 4 scrolls of random uselessness
 t - 7 scrolls of identify
 x - a scroll of enchant weapon
 G - a scroll of amnesia {unknown}
 H - 2 scrolls of magic mapping {unknown}
 L - 2 scrolls of enchant armour {unknown}
 N - 3 scrolls of immolation {unknown}
 Q - a scroll of noise {unknown}
 S - a scroll of fear
Potions
 e - a potion of degeneration {unknown}
 h - 3 potions of flight
 p - 3 potions of brilliance {unknown}
 v - 2 potions of resistance {unknown}
 w - 2 potions of poison {unknown}
 z - a potion of magic {unknown}
 A - 3 potions of mutation {unknown}
 B - 3 potions of haste {unknown}
 C - a potion of might {unknown}
 E - a potion of lignification {unknown}
 F - a potion of curing
 I - a potion of restore abilities {unknown}
 J - a potion of berserk rage
 P - a potion of ambrosia {unknown}
 U - a potion of agility
Miscellaneous
 f - a plain deck of wonders {drawn: 9}
Comestibles
 a - 8 bread rations
 g - 14 fruits
 o - 7 meat rations
 u - 2 beef jerkies
 V - 6 slices of pizza


   Skills:
 - Level 3.7 Fighting
 - Level 3.1 Dodging
 - Level 1.7 Stealth
 + Level 14.9 Unarmed Combat


You had 9 spell levels left.
You didn't know any spells.

Dungeon Overview and Level Annotations

Branches:
Dungeon (9/15)             Temple (1/1) D:5
   Lair: D:8-11         Orc: D:9-12

Altars:
Ashenzari
Cheibriados
Dithmenos
Elyvilon
Fedhas
Gozag
Kikubaaqudgha
Makhleb
Nemelex Xobeh
Okawaru
Qazlal
Ru
Sif Muna
Trog
Vehumet
Xom
Yredelemnul
Zin
The Shining One
Lugonu

Annotations:
D:2 Sigmund
D:9 Erolcha, Grum


Innate Abilities, Weirdness & Mutations

You can breathe waves of freezing cold.
You can buffet flying creatures when you breathe cold.
Your icy white scales are hard (AC +7).
Your body does not fit into most forms of armour.
Your flesh is cold resistant.
You are cold-blooded and may be slowed by cold attacks.
You have large cloven feet.


Message History

Found a war axe, 18 poisoned needles and 15 gold pieces. 3 wolves, a wyvern and Grum come into view.
The wyvern bites you.
Read which item? (? for menu, Esc to quit)
As you read the scroll of teleportation, it crumbles to dust.
You feel strangely unstable. The wyvern misses you.
The wyvern closely misses you.
Your surroundings suddenly seem different.
Something hits you!!
* * * LOW HITPOINT WARNING * * *
Drink which item? (? for menu, Esc to quit)
You feel better. Something hits you but does no damage. Something hits you!
* * * LOW HITPOINT WARNING * * *
You see here 6 gold pieces.
Unknown command.
Drink which item? (? for menu, Esc to quit)
You feel better. Something hits you!!
You die...

#...######.............
#.#.............######
#...######......##
####.#### #.......#
#....K..# ###....##
#.##..#.# #....#
#.##..#.# ###.##
#.##..#.# #.# #.##..#.#
##@## #.......# ##.$.##
#.....### #.....#
####.#.## #(..$...#
#....####.........#
#.<.....+.........'.
#....####....K....###
#.#.## ##...K...##
#.### ##.......


You could see the friendly Olenuxay the big kobold and the friendly Xoengow the
big kobold.

Vanquished Creatures
  Pikel (D:7)
  The ghost of MordorOrchid the Grappler, an experienced TrHu (D:6)
  Prince Ribbit (D:6)
  A yak (D:8)
  3 ice beasts
  An orc warrior (D:8)
  2 slaves (D:7)
  A phantom (D:6)
  3 sky beasts
  4 ogres
  2 centaurs
  2 big kobolds (D:8)
  A giant frog (D:7)
  3 scorpions
  9 wights
  A giant frog zombie (D:5)
  4 hounds
  A crimson imp (D:8)
  5 orc wizards
  A centaur skeleton (D:7)
  3 iguanas
  2 quasits
  Jessica (D:3)
  4 orc priests
  5 worker ants
  A big kobold zombie (Ossuary)
  A hound zombie (D:5)
  A hound skeleton (D:8)
  8 mummies (Ossuary)
  A worker ant zombie (D:6)
  Robin (D:2)
  5 adders
  A shadow imp (D:7)
  7 oozes
  An adder zombie (D:6)
  7 worms
  5 giant geckos
  18 orcs
  14 bats
  2 bat skeletons
  A bat zombie (D:5)
  5 giant cockroaches
  23 hobgoblins
  13 kobolds
  2 quokkas
  3 ball pythons
  A giant gecko skeleton (D:5)
  8 giant newts
  16 goblins
  3 hobgoblin zombies (Ossuary)
  12 jackals
  A kobold zombie (Ossuary)
  3 orc zombies (Ossuary)
  A quokka skeleton (D:8)
  27 rats
  2 rat zombies (D:5)
256 creatures vanquished.

Vanquished Creatures (collateral kills)
  A hydra (D:8)
  A yak (D:8)
  A hungry ghost (D:7)
  An ice beast (D:7)
  A phantom (D:6)
  A big kobold (D:8)
  2 wights
  A crimson imp (D:7)
  2 orc wizards (D:8)
  A worker ant (D:5)
  2 sheep (D:8)
  A hound zombie (D:8)
  A river rat (D:3)
  A worm (D:3)
  4 orcs
  4 goblins
  3 jackals (D:6)
  3 ball pythons
  A giant gecko skeleton (D:7)
  2 rats (D:7)
34 creatures vanquished.

Vanquished Creatures (others)
  A wight (D:7)
  A quokka (D:7)
2 creatures vanquished.

Grand Total: 292 creatures vanquished

Notes
Turn   | Place    | Note
--------------------------------------------------------------
     0 | D:1      | karvarausku, the Draconian Monk, began the quest for the Orb.
     0 | D:1      | Reached XP level 1. HP: 19/19 MP: 1/1
    33 | D:1      | Reached XP level 2. HP: 23/26 MP: 2/2
   623 | D:1      | Found a sparkling altar of Nemelex Xobeh.
   718 | D:1      | Reached skill level 5 in Unarmed Combat
   873 | D:2      | Found an opulent altar of Gozag.
   876 | D:2      | Reached XP level 3. HP: 31/31 MP: 3/3
  1169 | D:2      | Noticed Sigmund
  1533 | D:3      | Noticed Jessica
  1536 | D:3      | Killed Jessica
  1536 | D:3      | Reached XP level 4. HP: 28/38 MP: 4/4
  1665 | D:3      | Reached skill level 6 in Unarmed Combat
  1804 | D:2      | Hired Xoengow the big kobold for 87 gold.
  1804 | D:2      | Noticed Xoengow
  1805 | D:2      | Noticed Robin
  1815 | D:2      | Reached XP level 5. HP: 24/45 MP: 5/5
  1823 | D:2      | Killed Robin
  2106 | D:3      | Found a shadowy altar of Dithmenos.
  2120 | D:3      | Found a glowing drain.
  2162 | Sewer    | Entered a sewer
  2774 | Sewer    | Reached skill level 7 in Unarmed Combat
  3088 | D:3      | Reached XP level 6. HP: 34/51 MP: 6/6
  3632 | D:4      | Found a basalt altar of Yredelemnul.
  3748 | D:4      | Found a radiant altar of Vehumet.
  3797 | D:4      | Found a blossoming altar of Fedhas.
  4102 | D:4      | Reached skill level 8 in Unarmed Combat
  4189 | D:5      | Entered Level 5 of the Dungeon
  4215 | D:5      | Found a staircase to the Ecumenical Temple.
  4237 | D:5      | Found a shattered altar of Ashenzari.
  4239 | D:5      | Found a burning altar of Makhleb.
  4346 | Temple   | Entered the Ecumenical Temple
  4390 | Temple   | Became a worshipper of Cheibriados the Contemplative
  4390 | Temple   | Acquired Cheibriados's first power
  4418 | D:5      | Found a sand-covered staircase.
  4436 | Ossuary  | Entered an ossuary
  4559 | Ossuary  | Your scales start taking on a icy white colour.
  4559 | Ossuary  | Gained mutation: Your flesh is cold resistant. [White Draconian growth]
  4559 | Ossuary  | Reached XP level 7. HP: 48/57 MP: 7/7
  5171 | D:5      | Reached skill level 9 in Unarmed Combat
  5754 | D:5      | Acquired Cheibriados's second power
  5755 | D:5      | Found an ancient bone altar of Kikubaaqudgha.
  5871 | D:6      | Reached skill level 10 in Unarmed Combat
  6294 | D:6      | Reached XP level 8. HP: 47/63 MP: 8/8
  6565 | D:6      | Noticed MordorOrchid's ghost (experienced TrHu)
  6577 | D:6      | Gained mutation: You occasionally shout uncontrollably at your foes. [helix card]
  6579 | D:6      | Killed MordorOrchid's ghost
  6579 | D:6      | Reached skill level 11 in Unarmed Combat
  6851 | D:6      | Lost mutation: You occasionally shout uncontrollably at your foes. [helix card]
  6853 | D:6      | Hired Olenuxay the big kobold for 108 gold.
  7039 | D:6      | Acquired Cheibriados's third power
  7215 | D:6      | Reached XP level 9. HP: 71/71 MP: 9/9
  7282 | D:6      | Noticed Prince Ribbit
  7288 | D:6      | Killed Prince Ribbit
  7288 | D:6      | Reached skill level 12 in Unarmed Combat
  7752 | D:7      | Acquired Cheibriados's fourth power
  7759 | D:7      | Noticed Pikel
  7761 | D:7      | Gained mutation: You have large cloven feet. [helix card]
  7774 | D:7      | Killed Pikel
  7799 | D:7      | Reached skill level 13 in Unarmed Combat
  7806 | D:7      | Found a bloodstained altar of Trog.
  8597 | D:8      | Found a sacrificial altar of Ru.
  8606 | D:8      | Reached skill level 14 in Unarmed Combat
  8700 | D:8      | Reached XP level 10. HP: 56/78 MP: 10/10
  8865 | D:8      | Noticed a three-headed hydra
  8873 | D:8      | Killed a three-headed hydra
  9101 | D:9      | Noticed Erolcha
  9115 | D:9      | Noticed Grum
  9120 | D:9      | HP: 2/78 [something (16)]
  9122 | D:9      | Mangled by Erolcha

Action                   |  1- 3 |  4- 6 |  7- 9 | 10-12 || total
-------------------------+-------+-------+-------+-------++-------
Melee: Unarmed           |   158 |   307 |   280 |    37 ||   782
Evoke: Deck              |     1 |     2 |     6 |       ||     9
       Wand              |     2 |       |       |     1 ||     3
  Use: Scroll            |     3 |     4 |     1 |     2 ||    10
       Potion            |       |     3 |       |     2 ||     5
 Stab: Sleeping          |     2 |     2 |     8 |     1 ||    13
       Distracted        |       |       |     5 |       ||     5
  Eat: Chunk             |     2 |    10 |     6 |       ||    18
       Pizza             |       |       |     2 |       ||     2
